 Dungeon Crawl Stone Soup version 0.31.0-32-g396128a36d (webtiles) character file.

Game seed: 9001638436190287825

32 Silvore the Covered (level 3, 0/33 HPs)
             Began as a Minotaur Fighter on Mar 30, 2024.
             Slain by a ball python (1 damage)
             ... on level 2 of the Dungeon.
             The game lasted 00:01:07 (1069 turns).

Silvore the Covered (Minotaur Fighter)              Turns: 1069, Time: 00:01:07

Health: 0/33       AC:  7    Str: 22    XL:     3   Next: 10%
Magic:  2/2        EV:  9    Int:  5    God:
Gold:   11         SH:  4    Dex:  9    Spells: 2/2 levels left

rFire   . . .        a - +0 flail
rCold   . . .        c - +0 buckler
rNeg    . . .        b - +0 scale mail
rPois   .            (helmet restricted)
rElec   .            (no cloak)
rCorr   .            (no gloves)
SInv    .            (no boots)
Will    .....        (no amulet) Stlth
                     (no ring)
HPRegen 0.25/turn    (no ring)
MPRegen 0.08/turn

%: no passive effects
@: lethally poisoned (0 -> -3)
A: horns 2, retaliatory headbutt
a: no special abilities


You were on level 2 of the Dungeon.
You visited 1 branch of the dungeon, and saw 2 of its levels.

You collected 11 gold pieces.

Inventory:

Hand Weapons
 a - a +0 flail (weapon)
Armour
 b - a +0 scale mail (worn)
 c - a +0 buckler (worn)
Jewellery
 k - a ring of ice
Scrolls
 e - 2 scrolls of identify {unknown}
 g - 2 scrolls of vulnerability {unknown}
 i - a scroll of enchant weapon {unknown}
 j - a scroll of fear {unknown}
Potions
 d - a potion of might
 f - a potion of invisibility {unknown}
 h - a potion of mutation {unknown}


   Skills:
 + Level 4.1 Fighting
 + Level 2.7 Maces & Flails
 + Level 4.4 Armour
 + Level 3.9 Shields


You had 2 spell levels left.
You didn't know any spells.
Your spell library contained the following spells:

 Spells                   Type           Power      Damage    Failure   Level
 Inner Flame              Hex/Fire       0%         N/A       99%         3
 Flame Wave               Conj/Fire      0%         2d4       100%        4
 Sticky Flame             Fire/Alch      0%         2d4       100%        4


Dungeon Overview and Level Annotations

Branches:
Dungeon (2/15)

Altars:

Shops:
D:1 [


Innate Abilities, Weirdness & Mutations

You have a pair of horns on your head.
You reflexively headbutt those who attack you in melee.


Message History

The adder bites you but does no damage. The adder bites you.
You barely miss the adder. You headbutt the adder.
You kill the adder!
You feel sick.
The adder bites you but does no damage. x2
Your Fighting skill increases to level 4!
You have reached level 3!
Your experience leads to an increase in your attributes!
Increase (S)trength, (I)ntelligence, or (D)exterity?
You feel stronger. x2
You feel sick. The adder bites you but does no damage.
The rat closely misses you.
You closely miss the adder.
You feel sick. The adder closely misses you. You block the rat's attack.
The adder bites you but does no damage. You block the rat's attack.
You closely miss the adder.
You feel sick. The adder bites you.
* * * LOW HITPOINT WARNING * * *
The rat completely misses you. You block the adder's attack.
You miss the adder.
You feel sick. The adder closely misses you.
The rat bites you but does no damage.
You sock the adder!
The adder is almost dead.
You feel sick.
You are no longer poisoned.
You block the adder's attack. The rat bites you but does no damage.
You block the adder's attack.
You closely miss the adder.
The adder is almost dead.
The rat bites you but does no damage. The adder bites you.
* * * LOW HITPOINT WARNING * * *
You are lethally poisoned!
The adder poisons you! The rat barely misses you. You furiously retaliate!
You headbutt the rat.
You kill the rat!
You closely miss the adder.
The adder is almost dead.
* * * LOW HITPOINT WARNING * * *
You feel very sick. The adder bites you but does no damage.
The adder closely misses you. The ball python bites you.
You die...

#########.# ###
#.# #.. ##. #.#
#.# .#. #.# #.#
.: #.#########.#
.##
#........##.##r!#
########.##.#..#
#S##.#.##.##.#
#@S..........#
####.##...(...
#.# ##...## #..
.## #### #


You could see an adder and a ball python.

Vanquished Creatures
  An adder (D:2)
  A dart slug (D:1)
  5 ball pythons
  2 giant cockroaches (D:1)
  2 hobgoblins (D:1)
  2 quokkas (D:1)
  4 frilled lizards (D:1)
  2 kobolds (D:1)
  4 rats
23 creatures vanquished.

Notes
Turn   | Place    | Note
-------+----------+-------------------------------------------
     0 | D:1      | Silvore the Minotaur Fighter began the quest for the Orb.
     0 | D:1      | Reached XP level 1. HP: 19/19 MP: 0/0
   179 | D:1      | Found Ofoxait's Antique Armour Emporium.
   333 | D:1      | Reached XP level 2. HP: 27/27 MP: 1/1
   965 | D:2      | Found a faded altar of an unknown god.
  1063 | D:2      | Reached XP level 3. HP: 12/33 MP: 2/2
  1069 | D:2      | HP: 1/33 [poisoned by an adder]
  1069 | D:2      | Slain by a ball python

Illustrated notes

Levels and vault maps discovered:
D:1:      evilmike_arrival_plus, layout_loops_corners, serial_shops, shop,
          chequers_serial_rivers_small_a
D:2:      layout_loops_ring, nicolae_ecumenical_pavilion, minmay_tall_x

Skill      XL: |  1  2 |
---------------+-------+-----
Armour         | 4 |  4.4
Fighting       | 4 |  4.1
Maces & Flails | |  2.7
Shields        | |  3.9

Action                     || total
---------------------------++-------
  Melee: Flail             ||    57
         Headbutt          ||     6
 Armour: Scale mail        ||    45
  Dodge: Dodged            ||    23
  Block: Buckler           ||    18
